 Dungeon Crawl Stone Soup version 0.23-a0-241-g3b46b07 (webtiles) character file.

583 KristoblXynda the Shield-Bearer (level 7, -2/78 HPs)
             Began as a Formicid Fighter on Sept 26, 2018.
             Slain by an orc warrior
             ... wielding a +0 mace
              (6 damage)
             ... on level 5 of the Dungeon.
             The game lasted 00:05:03 (3763 turns).

KristoblXynda the Shield-Bearer (Formicid Fighter)  Turns: 3763, Time: 00:05:04

Health: -2/78      AC: 23    Str: 22    XL:     7   Next: 64%
Magic:  7/7        EV:  2    Int:  8    God:
Gold:   227        SH: 10    Dex: 10    Spells: 6/6 levels left

rFire    . . .     SeeInvis .   a - +0 war axe
rCold    . . .     Gourm    .   c - +0 shield
rNeg     + + +     Faith    .   (armour currently unavailable)
rPois    +         Spirit   .   (helmet unavailable)
rElec    .         Reflect  .   (cloak currently unavailable)
rCorr    .         Harm     .   (gloves currently unavailable)
MR       .....                  (boots currently unavailable)
Stlth    +.........             (no amulet)
HPRegen  0.23/turn              (no ring)
MPRegen  0.10/turn              (no ring)

@: tree-form
A: permanent stasis, dig shafts and tunnels, four strong arms
a: no special abilities


You were on level 5 of the Dungeon.
You were not hungry.
You were a tree.
You visited 1 branch of the dungeon, and saw 5 of its levels.

You collected 227 gold pieces.

Inventory:

Hand Weapons
 a - a +0 war axe (weapon)
Armour
 b - a +0 scale mail (melded)
 c - a +0 shield (worn)
Wands
 g - a wand of clouds (6)
Scrolls
 i - a scroll of noise {unknown}
 j - a scroll of immolation {unknown}
 k - 4 scrolls of magic mapping {unknown}
 l - a scroll of amnesia {unknown}
 m - 4 scrolls of enchant armour {unknown}
 v - a scroll of remove curse {unknown}
Potions
 d - 2 potions of might
 e - a potion of ambrosia
 h - a potion of mutation {unknown}
 o - a potion of flight
 p - a potion of heal wounds
 q - a potion of cancellation
 r - a potion of brilliance
 s - a potion of agility {unknown}
Comestibles
 f - 11 rations


   Skills:
 - Level 3.2 Fighting
 * Level 5.7 Axes
 + Level 5.3 Armour
 + Level 5.8 Shields


You had 6 spell levels left.
You didn't know any spells.
Your spell library was empty.

Dungeon Overview and Level Annotations

Branches:
Dungeon (5/15)
 Temple: D:4-7

Altars:
Gozag
Kikubaaqudgha
Makhleb
Sif Muna
Trog
Wu Jian
Xom
Beogh

Annotations:
D:4 3 runed doors, Karim's ghost, amateur GnAE


Innate Abilities, Weirdness & Mutations

You cannot be hasted, slowed, berserked, paralysed or teleported.
You can dig through walls and to a lower floor.
Your four strong arms can wield two-handed weapons with a shield.
((You have a pair of large antennae on your head. (SInv)))


Message History

You hear some strange, mumbled words.
Something tries to affect you, but you resist.
You hit the ogre.
The ogre is moderately wounded.
You barely miss the orc warrior. You miss something.
You block the orc warrior's attack. The ogre hits you with a giant club.
Something hits you. The orc warrior hits you with a mace.
* * * LOW HITPOINT WARNING * * *
Unknown command.
You barely miss the ogre.
The ogre is moderately wounded.
You hit the orc warrior. You hit something.
The ogre hits you with a giant club.
* * * LOW HITPOINT WARNING * * *
You hear some strange, mumbled words.
A magic dart appears from out of thin air!
The magic dart hits you!
* * * LOW HITPOINT WARNING * * *
The orc warrior hits you with a mace.
You die...

..##......#
#.#..#....#
....#....###
##.........### ..
............. ..#
........###
#.#....
#.........
.......####..{o#
........##.O♣.#
###.####.......#
.
##.....##..[..###
..#.......#..#.##
..#.......#.##.#
......_.....##.#
#.......#.##.#
#.......#....#
##.....##.######
.###


You could see an orc warrior and an ogre.

Vanquished Creatures
  2 ogres
  A howler monkey (D:4)
  4 hounds
  An orc priest (D:5)
  2 bullfrog skeletons (D:4)
  Ijyb (D:5)
  A worker ant (D:4)
  A howler monkey skeleton (D:4)
  5 adders
  2 dart slugs
  2 leopard geckos
  9 orcs (D:4)
  2 bats
  5 bat zombies (D:3)
  2 giant cockroaches
  4 goblins
  8 hobgoblins
  2 jackals (D:1)
  4 kobolds
  2 quokkas (D:4)
  3 frilled lizards
  A leopard gecko skeleton (D:4)
  A quokka skeleton (D:4)
  5 rats
  A rat zombie (D:3)
71 creatures vanquished.

Notes
Turn   | Place    | Note
-------+----------+-------------------------------------------
     0 | D:1      | KristoblXynda the Formicid Fighter began the quest for the
                  | Orb.
     0 | D:1      | Reached XP level 1. HP: 18/18 MP: 1/1
   176 | D:1      | Reached XP level 2. HP: 22/24 MP: 2/2
   537 | D:1      | Reached XP level 3. HP: 29/29 MP: 3/3
  1482 | D:3      | Reached XP level 4. HP: 18/35 MP: 4/4
  1799 | D:3      | Found an ancient bone altar of Kikubaaqudgha.
  2233 | D:4      | Reached XP level 5. HP: 23/41 MP: 5/5
  2574 | D:4      | Reached XP level 6. HP: 38/47 MP: 6/6
  2649 | D:4      | Found an opulent altar of Gozag.
  2653 | D:4      | Found a burning altar of Makhleb.
  2656 | D:4      | Found a deep blue altar of Sif Muna.
  2657 | D:4      | Found a shimmering altar of Xom.
  2658 | D:4      | Found a bloodstained altar of Trog.
  2713 | D:4      | Noticed an ogre
  2719 | D:4      | Killed an ogre
  2719 | D:4      | Reached skill level 5 in Shields
  2736 | D:4      | Reached skill level 5 in Axes
  2901 | D:4      | Found a runed gate.
  2901 | D:4      | Found a runed gate.
  2907 | D:4      | Found a runed gate.
  2911 | D:4      | Found a roughly hewn altar of Beogh.
  2911 | D:4      | Noticed Karim's ghost (amateur GnAE)
  3002 | D:4      | Reached XP level 7. HP: 49/52 MP: 7/7
  3365 | D:5      | Entered Level 5 of the Dungeon
  3369 | D:5      | Reached skill level 5 in Armour
  3532 | D:5      | Noticed Ijyb
  3545 | D:5      | Killed Ijyb
  3730 | D:5      | Found an ornate altar of the Wu Jian Council.
  3763 | D:5      | Slain by an orc warrior

Vault maps used:
D:1:      dpeg_arrival_arbitrary_c, st_stairs_14
D:2:      dk_vineyard_3
D:3:      lemuel_zombie_altar_kikubaaqudgha, st_stairs_3
D:4:      minitemple, first_ration, biasface_ghost_orc_armoury,
          serial_bayou_pond_c, minivault_25
D:5:      old_standard_altar, minmay_misc_feat_secret_circle, uniq_ijyb

Skill      XL: |  1  2  3  4  5  6  7 |
---------------+----------------------+-----
Shields        | 4 5 |  5.8
Axes           | 3 4 5 |  5.7
Armour         | 4 5 |  5.3
Fighting       | |  3.2

Action                   |  1- 3 |  4- 6 |  7- 9 || total
-------------------------+-------+-------+-------++-------
Melee: War axe           |   125 |   132 |    48 ||   305
  Use: Potion            |       |     3 |     2 ||     5
       Scroll            |       |     5 |       ||     5
  Eat: Chunk             |     1 |     6 |     3 ||    10
Armor: Scale mail        |    47 |    50 |    17 ||   114
       Skin              |       |     8 |     6 ||    14
Dodge: Dodged            |    48 |    58 |    11 ||   117
Block: Shield            |    71 |    99 |    24 ||   194

Table legend:
 A = Non-vault XP
 B = Vault XP
 C = Vault XP percentage of total XP
 D = Non-vault monster count
 E = Vault monster count
 F = Vault count percentage of total count
                 A         B        C        D         E       F
            +---------+---------+-------+---------+---------+-------
      Total |     756 |      77 |   9.2 |      60 |      11 |  15.5
            +---------+---------+-------+---------+---------+-------
        D:1 |      28 |       4 |  12.5 |      15 |       2 |  11.8
        D:2 |      10 |       0 |   0.0 |       6 |       0 |   0.0
        D:3 |      38 |      37 |  49.3 |      10 |       8 |  44.4
        D:4 |     473 |       0 |   0.0 |      25 |       0 |   0.0
        D:5 |     207 |      36 |  14.8 |       4 |       1 |  20.0
            +---------+---------+-------+---------+---------+-------
